[Event "UKR-ch Semifinal 2018"]
[Site "Omelnyk"]
[Date "2018.11.02"]
[Round "8"]
[White "Molchanov, Oleksii"]
[Black "Bakhmatsky, Vladislav"]
[Result "1/2-1/2"]
[ECO "E93"]
[WhiteElo "2369"]
[BlackElo "2409"]
[Annotator "ChessBase"]
[PlyCount "99"]
[EventDate "2018.11.26"]
[EventType "tourn"]
[EventCountry "UKR"]
[SourceTitle "playchess.com"]
[Source "ChessBase"]
[SourceQuality "1"]
[TimeControl "40/5400+30:1800+30"]

1. Nf3 Nf6 2. c4 g6 3. Nc3 Bg7 4. e4 d6 5. d4 O-O 6. Be2 e5 7. d5 Nbd7 8. O-O Nc5 9. Qc2 a5 10. Bg5 h6 11. Be3 Nh5 12. g3 Bg4 13. Qd1 Nf6 14. Nd2 Bxe2 15. Qxe2 Ncd7 16. a3 c6 17. dxc6 bxc6 18. b4 Qc7 19. Rab1 axb4 20. axb4 Rfb8 21. Rfc1 Nf8 22. b5 N6d7 23. Nb3 Ne6 24. Qd2 Kh7 25. Na2 Ndc5 26. Nb4 cxb5 27. Nd5 Qc6 28. Qc2 bxc4 29. Na5 Qa4 30. Qxa4 Nxa4 31. Nxc4 Bf8 32. f4 exf4 33. gxf4 Rxb1 34. Rxb1 Rc8 35. Rb4 Nac5 36. f5 Ng5 37. fxg6+ Kxg6 38. Nxd6 Bxd6 39. Rb6 Nce6 40. Rxd6 Rc4 41. Bxg5 hxg5 42. e5 Rc1+ 43. Kf2 Kf5 44. Ne3+ Kxe5 45. Rd7 f6 46. Rf7 Nf4 47. Re7+ Kd6 48. Nf5+ Kc6 49. Rf7 Nd5 50. Ne3 1/2-1/2